 Dungeon Crawl Stone Soup version 0.22.1-2-g9c5b331 (webtiles) character file.

267 wingeater17 the Chopper (level 6, -3/51 HPs)
             Began as a Hill Orc Fighter on Dec 3, 2018.
             Slain by an ogre
             ... wielding a +0 giant club
              (13 damage)
             ... on level 4 of the Dungeon.
             The game lasted 00:06:02 (2856 turns).

wingeater17 the Chopper (Hill Orc Fighter)          Turns: 2856, Time: 00:06:09

Health: -3/51      AC: 12    Str: 21    XL:     6   Next: 21%
Magic:  6/6        EV:  5    Int:  8    God:
Gold:   205        SH:  9    Dex: 10    Spells: 5/5 levels left

rFire    x . .     SeeInvis .   a - +0 war axe
rCold    + . .     Gourm    .   c - +0 shield
rNeg     . . .     Faith    .   v - +0 storm dragon scales
rPois    .         Spirit   .   (no helmet)
rElec    +         Reflect  .   (no cloak)
rCorr    .         Harm     .   (no gloves)
MR       .....                  (no boots)
Stlth    ..........             (no amulet)
HPRegen  0.17/turn              y - ring of ice
MPRegen  0.10/turn              x - ring of stealth

@: slowed, very slow
A: no striking features
a: no special abilities


You were on level 4 of the Dungeon.
You were not hungry.

You visited 1 branch of the dungeon, and saw 4 of its levels.

You collected 205 gold pieces.

Inventory:

Hand Weapons
 a - a +0 war axe (weapon)
Armour
 b - a +0 scale mail
 c - a +0 shield (worn)
 v - +0 storm dragon scales (worn)
Jewellery
 x - a ring of stealth (right hand)
 y - a ring of ice (left hand)
Scrolls
 e - 5 scrolls of teleportation {unknown}
 i - 8 scrolls of identify {unknown}
 j - a scroll of blinking {unknown}
 n - a scroll of noise {unknown}
 p - a scroll of enchant weapon {unknown}
 s - a scroll of immolation {unknown}
 t - 3 scrolls of remove curse {unknown}
 u - a scroll of magic mapping {unknown}
 w - a scroll of enchant armour {unknown}
Potions
 d - a potion of might
 g - 2 potions of mutation {unknown}
 h - a potion of invisibility {unknown}
 k - 3 potions of berserk rage {unknown}
 l - a potion of brilliance {unknown}
 m - a potion of cancellation {unknown}
 o - 8 potions of curing {unknown}
 q - 2 potions of resistance {unknown}
 r - 2 potions of haste {unknown}
Comestibles
 f - 3 rations


   Skills:
 - Level 3.6 Fighting
 * Level 7.0 Axes
 + Level 5.0 Armour
 - Level 3.2 Shields


You had 5 spell levels left.
You didn't know any spells.
Your spell library was empty.

Dungeon Overview and Level Annotations

Branches:
Dungeon (4/15)
 Temple: D:4-7

Altars:

Annotations:
D:4 Edmund, Natasha


Message History

You slash the ogre!
The ogre is moderately wounded.
You barely miss Natasha. Natasha casts a spell at you.
You feel yourself slow down.
You hit the ogre.
The ogre is heavily wounded.
You hit Natasha. You block the ogre's attack. Natasha barely misses you.
The ogre hits you with a giant club! Natasha claws you.
You barely miss the ogre.
The ogre is heavily wounded.
You barely miss Natasha. Natasha claws you but does no damage.
You block the ogre's attack.
You slash the ogre!
The ogre is almost dead.
You closely miss Natasha. Natasha claws you.
The ogre hits you with a giant club!
* * * LOW HITPOINT WARNING * * *
Natasha barely misses you. The ogre hits you with a giant club!
You die...

##.#.# #....#
#.#.# ##'###
#.#.####### .#
#.........## .#
#..........#
##...#..#..#### .#
# #............. .
. .
#..###.#..#####.##
#(#. #
#.>....#..@O......
#.#..#
#.####.#..#h#.#..#
....# #.# #....#.#
#... #. ####.#.#
.#.#..# #.#.#
.......
#######.#.. ....##
........### # #
######### # #


You could see an ogre and Natasha.

Vanquished Creatures
  Natasha (twice) (D:4)
  An orc wizard (D:3)
  A worker ant (D:4)
  5 adders
  3 gnolls (D:2)
  2 worms (D:2)
  2 dart slugs
  A leopard gecko (D:1)
  6 orcs
  8 bats
  3 giant cockroaches
  12 goblins
  5 hobgoblins
  3 jackals (D:1)
  8 kobolds
  2 quokkas
  2 ball pythons
  5 frilled lizards
  A quokka skeleton (D:4)
  10 rats
82 creatures vanquished.

Notes
Turn   | Place    | Note
-------+----------+-------------------------------------------
     0 | D:1      | wingeater17 the Hill Orc Fighter began the quest for the
                  | Orb.
     0 | D:1      | Reached XP level 1. HP: 19/19 MP: 1/1
   100 | D:1      | Reached skill level 3 in Axes
   125 | D:1      | Reached XP level 2. HP: 24/26 MP: 2/2
   317 | D:1      | Reached skill level 4 in Axes
   357 | D:1      | Reached XP level 3. HP: 26/31 MP: 3/3
   817 | D:2      | Reached XP level 4. HP: 6/39 MP: 4/4
  1095 | D:2      | Reached skill level 5 in Axes
  1452 | D:2      | Reached XP level 5. HP: 21/45 MP: 5/5
  2376 | D:4      | Noticed Edmund
  2414 | D:4      | Reached skill level 6 in Axes
  2470 | D:4      | Noticed Natasha
  2478 | D:4      | Killed Natasha
  2496 | D:4      | Noticed Natasha
  2513 | D:4      | Killed Natasha
  2513 | D:4      | Reached XP level 6. HP: 26/51 MP: 6/6
  2791 | D:3      | Reached skill level 7 in Axes
  2791 | D:3      | Reached skill level 5 in Armour
  2849 | D:4      | Noticed Natasha
  2856 | D:4      | Slain by an ogre

Skill      XL: |  1  2  3  4  5  6 |
---------------+-------------------+-----
Axes           | 3 4 5 6 7 |  7.0
Armour         | 4 5 |  5.0
Fighting       | |  3.6
Shields        | |  3.2

Action                   |  1- 3 |  4- 6 || total
-------------------------+-------+-------++-------
Melee: War axe           |   110 |   142 ||   252
  Eat: Chunk             |       |     3 ||     3
       Ration            |       |     1 ||     1
Armor: Scale mail        |    81 |    18 ||    99
       Storm dragon scal |       |    61 ||    61
Dodge: Dodged            |    33 |    32 ||    65
Block: Shield            |    77 |    67 ||   144
